cohdb
Replays
Latest Replays
All Replays
Popular Replays
Top Player Replays
Match Explorer
How It Works
Community
CoH3 Stats
Reddit
Sign in to upload your games and track your stats! →
Sign in with Steam
Match 38803523
Unlisted
Match 38803523
Overview
Messages
Build Orders
End
Construct Barracks
Selects Armored Battlegroup
Selects Veteran Crews
Riflemen Squad
Riflemen Squad
1⁄4-ton 4x4 Truck
Air Support Center
Construct Weapon Support Center
M1919 Machine Gun Team
Engineer Squad
M1918 Browning Automatic Rifles
Grasshopper Recon Run
Grenade Package
M3 Armored Personnel Carrier
Construct Motor Pool
P-47 Dive Bomb
Grasshopper Recon Run
P-47 Strafing Run
M24 Chaffee Light Tank
P-47 Dive Bomb
Bazooka Squad
Grasshopper Recon Run
M24 Chaffee Light Tank
P-47 Strafing Run
Grasshopper Recon Run
M24 Chaffee Light Tank
P-47 Strafing Run
Selects Field Repairs
Selects Fast Deploy
Selects War Machine
P-47 Dive Bomb
A_Smoove
stonda.m
|||||||||||||||||||||||||
Ghandalf (NL)
tobyng0403
Morgan Ogienko
0
0
Comments
sign in to comment!
No comments posted yet!